 Dungeon Crawl Stone Soup version 0.29.1-1-gd02db6906a (webtiles) character file.

Game seed: 12755415437107638350

63 Aibolit the Chopper (level 4, 36/36 HPs)
             Began as a Human Cinder Acolyte on Sept 24, 2022.
             Was an Initiate of Ignis.
             Quit the game on level 2 of the Dungeon.
             The game lasted 00:10:42 (906 turns).

Aibolit the Chopper (Human Cinder Acolyte)           Turns: 906, Time: 00:10:42

Health: 36/36      AC: 12    Str: 14    XL:     4   Next: 30%
Magic:  5/5        EV: 10    Int: 17    God:    Ignis [......]
Gold:   819        SH:  0    Dex:  8    Spells: 5/5 levels left

rFire   + . .      SeeInvis .   h - +3 short sword
rCold   . . .      Faith    .   (no shield)
rNeg    . . .      Spirit   .   j - +0 ring mail
rPois   .          Reflect  .   (no helmet)
rElec   .          Harm     .   (no cloak)
rCorr   +          Rampage  .   (no gloves)
Will    .....                   (no boots)
Stlth   ..........              (no amulet)
HPRegen 0.12/turn               f - ring of resist corrosion
MPRegen 0.09/turn               (no ring)

@: fiery-armoured
A: no striking features
a: Renounce Religion


You were on level 2 of the Dungeon.
You worshipped Ignis.
Ignis was noncommittal.
You visited 1 branch of the dungeon, and saw 3 of its levels.

You collected 819 gold pieces.

Inventory:

Hand Weapons
 a - a -1 hand axe of flaming
 d - a +0 spear
 g - a +2 dagger of protection
 h - a +3 short sword (weapon)
Missiles
 e - 4 poisoned darts
Armour
 b - a +0 robe
 j - a +0 ring mail (worn)
Jewellery
 f - a ring of resist corrosion (left hand)
Scrolls
 c - 7 scrolls of identify


   Skills:
 + Level 3.6 Fighting
 + Level 0.1 Short Blades
 + Level 3.7 Axes
 + Level 0.6 Dodging
 + Level 0.3 Stealth
 + Level 1.0 Spellcasting
 + Level 3.4 Fire Magic


You had 5 spell levels left.
You didn't know any spells.
Your spell library contained the following spells:

 Spells                   Type           Power      Damage    Failure   Level
 Scorch                   Fire           24%        2d6       16%         2


Dungeon Overview and Level Annotations

Branches:
Dungeon (3/15)

Altars:
Uskayaw


Message History

The endoplasm quivers.
The endoplasm misses you.
There is an open door here.
You hit the endoplasm.
The endoplasm is lightly wounded.
The endoplasm hits you.
The endoplasm is burned by your cloak of flames.
The endoplasm is severely wounded.
You hit the endoplasm.
You kill the endoplasm!
No target in view!
As you open the door, it creaks loudly!
You hear a shout!
A goblin comes into view. It is wielding a +0 club.
The goblin closely misses you.
There is an open door here.
You hit the goblin.
The goblin is severely wounded.
The goblin hits you with a +0 club.
The goblin is burned by your cloak of flames.
You kill the goblin!
No target in view!
You open the door.
A kobold comes into view. It is wielding a +0 short sword.
The kobold hits you but does no damage.
The kobold is burned by your cloak of flames.
You kill the kobold!
There is an open door here.
No target in view!
No target in view!
No target in view!
You open the door.
There is an open door here.
No target in view!
You open the door.
Found a ring mail.
HP restored.
There is an open door here.
No target in view!
You see here a +0 ring mail.
Are you sure you want to abandon this character and quit the game? (Confirm with "yes".)

... ...
#.####.####.###
#.#..+.+..#.#..
#.#.)#.#..#.#..
.##+#.##'#.##'#.##'
...................
.##+#.##'#.##'#.##'
#..#.#.)#.#..#.#..
#@.'.'..#.#..+.+..
####.####.####.###
..... ... ......
##################
#.#...# #.#.....
#.#...# # #......#
#.#...#.# ###.##.#
#.......# #†##..
####.#### #.####


There were no monsters in sight!

Vanquished Creatures
  A gnoll (D:1)
  3 dart slugs (D:1)
  5 endoplasms
  2 goblins
  4 hobgoblins
  10 jackals
  4 kobolds
  4 quokkas (D:1)
  A ball python (D:1)
  A bat (D:2)
  A frilled lizard (D:2)
  2 rats (D:1)
38 creatures vanquished.

Vanquished Creatures (collateral kills)
  A hobgoblin (D:1)
  A kobold (D:1)
2 creatures vanquished.

Vanquished Creatures (others)
  29 foxfires (D:1)
29 creatures vanquished.

Grand Total: 69 creatures vanquished

Notes
Turn   | Place    | Note
-------+----------+-------------------------------------------
     0 | D:1      | Aibolit the Human Cinder Acolyte began the quest for the
                  | Orb.
     0 | D:1      | Reached XP level 1. HP: 18/18 MP: 2/2
    57 | D:1      | Found a faded altar of an unknown god.
    97 | D:1      | Identified a scroll of acquirement
    97 | D:1      | Acquired 798 gold pieces
   115 | D:1      | Reached XP level 2. HP: 22/24 MP: 3/3
   190 | D:1      | Reached XP level 3. HP: 23/29 MP: 4/4
   410 | D:1      | Reached XP level 4. HP: 31/36 MP: 5/5
   819 | D:2      | Found a hide-covered altar of Uskayaw.
   906 | D:2      | Quit the game

Illustrated notes

Levels and vault maps discovered:
D:1:      dpeg_arrival_rooms_with_view, layout_rooms,
          dreamdust_ecumenical_altar_statues
D:2:      minmay_door_path, layout_loops_cross, basic_altar
D:3:      layout_basic, grunt_temple_overflow_open, serial_shops, shop,
          nicolae_shop_waterfront, shop, nicolae_shop_statue_plus,
          nicolae_shop_trees, gammafunk_ghost_grave

Action                   |  1- 3 |  4- 6 || total
-------------------------+-------+-------++-------
Melee: Hand axe          |    22 |       ||    22
       Short sword       |    12 |    12 ||    24
Invok: Fiery Armour      |    10 |       ||    10
       Foxfire Swarm     |     2 |       ||     2
       Rising Flame      |       |     1 ||     1
  Use: Scroll            |     4 |     1 ||     5
       Potion            |     1 |       ||     1
Armor: Robe              |    21 |     3 ||    24
       Ring mail         |       |     5 ||     5
Dodge: Dodged            |    18 |    18 ||    36
